 Dungeon Crawl Stone Soup version 0.32-a0-643-ga006e7742e (webtiles) character file.

Game seed: 8670785400496043260

16674 CougarLife the Geomancer (level 12, -3/59 HPs)
             Began as a Gargoyle Earth Elementalist on Mar 7, 2024.
             Was a Priest of Vehumet.
             Slain by an occultist
             ... wielding a +2 mace of flaming
              (7 damage)
             ... in a volcano.
             The game lasted 00:23:30 (12489 turns).

CougarLife the Geomancer (GrEE)                    Turns: 12489, Time: 00:23:31

Health: -3/59      AC: 15    Str: 11    XL:     12   Next: 40%
Magic:  17/36      EV: 11    Int: 22    God:    Vehumet [***...]
Gold:   849        SH:  0    Dex: 10    Spells: 24/33 levels left

rFire   + + .        n - +2 dagger (protect)
rCold   x . .        (no shield)
rNeg    + . .        a - +2 robe {rF+}
rPois   ∞            (no helmet)
rElec   +            w - +0 cloak
rCorr   .            r - +0 pair of gloves
SInv    .            q - +0 pair of boots
Will    .....        H - amulet of the acrobat
Stlth   ++           K - ring of magical power
HPRegen 0.29/turn    G - ring of fire
MPRegen 0.25/turn

%: acrobat
@: no status effects
A: sickness immunity, AC +8, negative energy resistance 1, electricity
resistance, torment resistance 1, petrification resistance
a: Renounce Religion


You were in a volcano.
You worshipped Vehumet.
Vehumet was most pleased with you.
You visited 3 branches of the dungeon, and saw 13 of its levels.
You also visited: Volcano.

You collected 849 gold pieces.

Inventory:

Hand Weapons
 n - a +2 dagger of protection (weapon)
Armour
 a - a +2 robe of fire resistance (worn)
 q - a +0 pair of boots (worn)
 r - a +0 pair of gloves (worn)
 w - a +0 cloak (worn)
 I - +0 acid dragon scales
Jewellery
 G - a ring of fire (right hand)
 H - an amulet of the acrobat (around neck)
 J - an amulet of regeneration
 K - a ring of magical power (left hand)
 L - a ring of wizardry
Wands
 u - a wand of polymorph (12)
 A - a wand of flame (7)
 B - a wand of paralysis (22)
 D - a wand of roots (14)
 E - a wand of light (6)
Scrolls
 b - 2 scrolls of fear
 e - 2 scrolls of noise
 f - 6 scrolls of teleportation
 g - 2 scrolls of blinking {unknown}
 j - 2 scrolls of poison
 k - a scroll of butterflies {unknown}
 l - 2 scrolls of enchant armour {unknown}
 o - a scroll of revelation {unknown}
 v - 3 scrolls of enchant weapon
 x - 4 scrolls of amnesia
 y - a scroll of immolation {unknown}
 z - 2 scrolls of fog {unknown}
Potions
 c - a potion of berserk rage {unknown}
 d - a potion of degeneration {unknown}
 i - 7 potions of curing
 m - 2 potions of attraction {unknown}
 p - a potion of invisibility {unknown}
 s - 2 potions of mutation {unknown}
 t - 3 potions of heal wounds {unknown}
 C - 4 potions of enlightenment {unknown}
 F - 2 potions of lignification {unknown}


   Skills:
 - Level 1.5 Dodging
 - Level 2.1 Stealth
 + Level 11.0 Spellcasting
 + Level 12.6 Conjurations
 - Level 3.8 Air Magic
 + Level 12.9 Earth Magic


You had 24 spell levels left.
You knew the following spells:

 Your Spells              Type           Power      Damage    Failure   Level
a - Sandblast             Erth           100%       2d20      1%          1
b - Stone Arrow           Conj/Erth      100%       3d13      1%          3
c - Arcjolt               Conj/Air       24%        1d34      1%          5

Your spell library contained the following spells:

 Spells                   Type           Power      Damage    Failure   Level
 Hailstorm                Conj/Ice       39%        3d9       1%          3
 Momentum Strike          Conj/Tloc      78%        3d10      1%          2
 Passwall                 Erth           62%        N/A       1%          3
 Brom's Barrelling Bould  Conj/Erth      62%        2d8       1%          4
 Petrify                  Alch/Erth      40%        N/A       3%          4
 Blink                    Tloc           24%        N/A       9%          2
 Call Imp                 Summ           24%        N/A       9%          2
 Lesser Beckoning         Tloc           24%        N/A       9%          2
 Vhi's Electric Charge    Tloc/Air       40%        N/A       24%         4
 Summon Hydra             Summ           6%         N/A       100%        7
 Maxwell's Capacitive Co  Air            14%        ∞         100%        8
 Sublimation of Blood     Necr           Unusable   N/A       N/A         2

Dungeon Overview and Level Annotations

Branches:
Dungeon (11/15)            Temple (1/1) D:6            Lair (1/5) D:11
Volcano (1/1)
    Orc: D:9-12

Altars:
Ashenzari
Cheibriados
Dithmenos
Elyvilon
Fedhas
Gozag
Hepliaklqana
Kikubaaqudgha
Makhleb
Nemelex Xobeh
Okawaru
Qazlal
Ru
Sif Muna
Trog
Uskayaw
Vehumet
Wu Jian
Xom
Yredelemnul
Zin
The Shining One

Shops:
D:5 [


Innate Abilities, Weirdness & Mutations

You are immune to sickness and miasma.
Your stone body is resilient. (AC +8)
You are immune to poison.
You resist negative energy. (rN+)
You are resistant to electric shocks. (rElec)
You are resistant to unholy torment.
You are immune to petrification.


Message History

Confirm with . or Enter, or press ? or * to list all spells.
Aiming: Sandblast (safe; 1% risk of failure)
Press: ? - help, Shift-Dir - straight line, f - +5 mace of flaming
Aim: a +5 mace of flaming (70% to hit)
The blast of sand hits the +5 mace of flaming.
The +5 mace of flaming is lightly damaged.
The +5 mace of flaming hits you!
The +5 mace of flaming barely misses you.
Casting: Sandblast (safe; 1% risk of failure)
Confirm with . or Enter, or press ? or * to list all spells.
Aiming: Stone Arrow (safe; 1% risk of failure)
Press: ? - help, Shift-Dir - straight line, f/p - +5 mace of flaming
Aim: a +5 mace of flaming (55% to hit)
The stone arrow hits the +5 mace of flaming.
The +5 mace of flaming is lightly damaged.
The +5 mace of flaming hits you! The +5 mace of flaming burns you.
* * * LOW HITPOINT WARNING * * *
The +5 mace of flaming hits you!
* * * LOW HITPOINT WARNING * * *
The +5 mace of flaming burns you.
* * * LOW HITPOINT WARNING * * *
Casting: Stone Arrow (safe; 1% risk of failure)
Confirm with . or Enter, or press ? or * to list all spells.
Aiming: Stone Arrow (safe; 1% risk of failure)
Press: ? - help, Shift-Dir - straight line, f/p - +5 mace of flaming
Aim: a +5 mace of flaming (lightly damaged, 55% to hit)
The stone arrow misses the +5 mace of flaming.
The stone arrow hits something!
The +5 mace of flaming hits you but does no damage.
The +5 mace of flaming closely misses you.
Casting: Stone Arrow (safe; 1% risk of failure)
Confirm with . or Enter, or press ? or * to list all spells.
Aiming: Stone Arrow (safe; 1% risk of failure)
Press: ? - help, Shift-Dir - straight line, f/p - +5 mace of flaming
Aim: a +5 mace of flaming (lightly damaged, 55% to hit)
The stone arrow hits the +5 mace of flaming!
The +5 mace of flaming is heavily damaged.
The +5 mace of flaming barely misses you.
Something hits you!
You die...

###############
#.............# ##
#..#########..# ##≈#
#..#.$$!$).#@.# ####≈§≈≈
#..#)[[!!$$#(.# ###≈≈≈≈§§≈
#..#.$$)[$!'..# #≈≈§§≈≈≈§≈
#..##########################
#.....'.....#)......~~~≈#....
#########.∩.'))....~~♣..#....
###...#......÷♣♣≈≈#..).
###.##+################'#
#.°°#..#..).).#.).#.#....


You could see a +5 mace of flaming.

Vanquished Creatures
  Harold (D:9)
  A centaur warrior (D:10)
  2 two-headed ogres
  An occultist (Volcano)
  Pikel (D:5)
  An orc sorcerer (Volcano)
  5 toenail golems (Volcano)
  3 cyclopes
  A guardian serpent (D:11)
  An unseen horror (D:10)
  A kobold demonologist (D:10)
  A komodo dragon (Lair:1)
  3 trolls
  4 wraiths
  2 vampires
  A wyvern (D:7)
  Eustachio (D:5)
  10 yaks
  2 steam dragons
  3 vampire mosquitoes
  5 humans (Volcano)
  An acid dragon (D:10)
  A water moccasin (D:9)
  2 ice beasts
  A sky beast (D:7)
  3 black bears
  3 ogres
  4 centaurs
  7 kobold brigands
  A gnoll sergeant (D:5)
  3 bullfrogs
  2 scorpions (D:5)
  3 wights
  14 killer bees
  2 bombardier beetles
  6 howler monkeys
  3 hounds
  A jelly (D:6)
  16 orc priests
  2 sleepcaps
  Crazy Yiuf (D:5)
  A gnoll bouda (D:7)
  6 iguanas
  Jessica (D:2)
  5 orc wizards
  8 gnolls
  9 adders
  2 ufetubi (D:7)
  3 dart slugs
  40 orcs
  3 ball pythons
  3 endoplasms
  2 giant cockroaches
  8 goblins
  3 hobgoblins
  5 quokkas
  4 bats
  5 frilled lizards
  16 kobolds
  3 rats (D:2)
253 creatures vanquished.

Notes
Turn   | Place    | Note
-------+----------+-------------------------------------------
     0 | D:1      | CougarLife the Gargoyle Earth Elementalist began the quest
                  | for the Orb.
     0 | D:1      | Reached XP level 1. HP: 10/10 MP: 3/3
    10 | D:1      | Noticed an ogre
   300 | D:1      | Reached XP level 2. HP: 15/15 MP: 3/5
   775 | D:2      | Reached XP level 3. HP: 19/19 MP: 3/6
  1051 | D:2      | Noticed Jessica
  1054 | D:2      | Killed Jessica
  1055 | D:2      | Reached XP level 4. HP: 24/24 MP: 6/8
  2113 | D:4      | Reached XP level 5. HP: 23/28 MP: 4/9
  2114 | D:4      | Reached skill level 5 in Earth Magic
  2183 | D:4      | Noticed an ogre
  2272 | D:3      | Learned a level 3 spell: Stone Arrow
  2307 | D:4      | Killed an ogre
  2308 | D:4      | Reached XP level 6. HP: 6/32 MP: 5/11
  2908 | D:5      | Entered Level 5 of the Dungeon
  3087 | D:5      | Noticed a black bear
  3197 | D:5      | Reached XP level 7. HP: 36/36 MP: 8/13
  3326 | D:5      | Noticed Pikel
  3335 | D:5      | Killed Pikel
  3336 | D:5      | Reached skill level 5 in Spellcasting
  3336 | D:5      | Reached skill level 5 in Conjurations
  3336 | D:5      | Reached XP level 8. HP: 3/41 MP: 1/15
  4043 | D:5      | Noticed Eustachio
  4053 | D:5      | Killed Eustachio
  4191 | D:5      | Found Li Ji's Dragon-Slaying Spoils.
  4373 | D:5      | Found a runed translucent door.
  4374 | D:5      | Noticed Crazy Yiuf
  4582 | D:5      | Killed Crazy Yiuf
  4682 | D:6      | Reached XP level 9. HP: 45/45 MP: 15/18
  4960 | D:6      | Found a sacrificial altar of Ru.
  5037 | D:6      | Identified the +1 leather armour of Greed {rPois}
  5362 | D:6      | Found a staircase to the Ecumenical Temple.
  5379 | Temple   | Entered the Ecumenical Temple
  5409 | Temple   | Became a worshipper of Vehumet
  6349 | D:7      | Reached skill level 10 in Earth Magic
  6494 | D:7      | Reached XP level 10. HP: 50/50 MP: 15/21
  6571 | D:7      | Reached * piety under Vehumet
  6571 | D:7      | Offered knowledge of Kiss of Death by Vehumet.
  7554 | D:8      | Reached skill level 1 in Air Magic
  8143 | D:9      | Identified the +2 robe "Orih" {^Contam Rampage +Blink
                  | Regen+}
  8232 | D:9      | Noticed a two-headed ogre
  8237 | D:9      | Killed a two-headed ogre
  8375 | D:9      | Reached skill level 10 in Conjurations
  8464 | D:9      | Offered knowledge of Magic Dart by Vehumet.
  8466 | D:9      | Reached ** piety under Vehumet
  8861 | D:9      | Noticed Harold
  8875 | D:9      | Killed Harold
  8876 | D:9      | Reached XP level 11. HP: 52/54 MP: 3/24
  9223 | D:9      | Learned a level 5 spell: Arcjolt
  9224 | D:10     | Entered Level 10 of the Dungeon
  9255 | D:10     | Found a blossoming altar of Fedhas.
  9255 | D:10     | Found a stormy altar of Qazlal.
 10050 | D:10     | Noticed a two-headed ogre
 10051 | D:10     | Noticed a cyclops
 10052 | D:10     | Noticed a centaur warrior
 10060 | D:10     | Killed a cyclops
 10060 | D:10     | Killed a two-headed ogre
 10063 | D:10     | Found a sacrificial altar of Ru.
 10064 | D:10     | Killed a centaur warrior
 10065 | D:10     | Reached skill level 10 in Spellcasting
 10309 | D:10     | Found a basalt altar of Yredelemnul.
 10339 | D:10     | Found a sparkling altar of Nemelex Xobeh.
 10384 | D:10     | Offered knowledge of Scorch by Vehumet.
 10617 | D:11     | Noticed a cyclops
 10620 | D:11     | Killed a cyclops
 10942 | D:11     | Found a staircase to the Lair.
 11119 | D:11     | Noticed a cyclops
 11129 | D:11     | Killed a cyclops
 11292 | D:11     | Reached *** piety under Vehumet
 11546 | D:11     | Reached XP level 12. HP: 42/59 MP: 14/26
 11815 | Lair:1   | Entered Level 1 of the Lair of Beasts
 12012 | Lair:1   | Found a dark tunnel.
 12022 | Volcano  | Entered a volcano
 12149 | Volcano  | Noticed an occultist
 12154 | Volcano  | Killed an occultist
 12236 | Volcano  | Offered knowledge of Hailstorm by Vehumet.
 12479 | Volcano  | Noticed an occultist
 12489 | Volcano  | Slain by an occultist

Illustrated notes

Levels and vault maps discovered:
D:1:      evilmike_arrival_come_back, layout_basic, serial_curves,
          eino_curves_01, eino_curves_04, minmay_misc_feat_secret_circle,
          minmay_box_of_dots
D:2:      layout_basic, st_stairs_8, uniq_jessica
D:3:      layout_loops_cross, roderic_serpentine_path
D:4:      nicolae_cairo_tiling_large_dashed, layout_cave_pools
D:5:      layout_loops_ring, nicolae_shop_dragon_depot, uniq_pikel,
          uniq_crazy_yiuf_cottage, uniq_eustachio
D:6:      layout_loops_corners, mainiacjoe_overflow_boulevard,
          minmay_temple_entry_gardened_gates
D:7:      layout_loops_ring, minivault_5
D:8:      layout_gridville
D:9:      layout_irregular_city, uniq_harold
D:10:     layout_stronghold, grunt_temple_overflow_forces_of_nature,
          mainiacjoe_overflow_two_lobes, palyth_stone_intersect, nicolae_wwwww,
          minmay_crystal_room, minmay_ruined_shrine
D:11:     layout_irregular_city, lair_entry_dummy, nrook_guardian_serpent_double
Temple:   bh_familiar_temple
Lair:1:   layout_loops_ring, enter_volcano_1, grunt_megastairs_2
Volcano:  volcano_bunker

Skill      XL: |  1  2  3  4  5  6  7  8  9 10 11 12 |
---------------+-------------------------------------+-----
Earth Magic    | 4 5 6 7 8 10 12 | 12.9
Conjurations   | 2 3 4 5 7 8 10 11 12 | 12.6
Spellcasting   | 3 4 5 6 7 9 10 11 | 11.0
Air Magic      | 3 |  3.8
Dodging        | |  1.5
Stealth        | |  2.1

Action                     |  1- 3 |  4- 6 |  7- 9 | 10-12 || total
---------------------------+-------+-------+-------+-------++-------
  Melee: Unarmed           |     7 |       |       |       ||     7
         Dagger            |     2 |     2 |    26 |    12 ||    42
   Cast: Sandblast         |    24 |    77 |    77 |   103 ||   281
         Stone Arrow       |       |     6 |    42 |    84 ||   132
         Arcjolt           |       |       |       |    33 ||    33
    Use: Potion            |       |     1 |     1 |     1 ||     3
         Scroll            |       |       |       |     7 ||     7
 Armour: Robe              |    18 |    29 |    62 |    53 ||   162
         Steam dragon scal |       |       |       |    59 ||    59
         Acid dragon scale |       |       |       |    34 ||    34
  Dodge: Dodged            |    17 |    22 |    37 |    85 ||   161

Table legend: (Time is in decaauts)
 A = Elapsed time spent in this place.
 B = Non-inter-level travel time spent in this place.
 C = Inter-level travel time spent in this place.
 D = Time resting spent in this place.
 E = Time spent auto-exploring this place.
 F = Levels seen in this place.
 G = Mean time per level.
                   A        B        C        D        E       F      G
               +--------+--------+--------+--------+--------+-----+--------+
         Total |  12636 |  12099 |    537 |   3090 |   6386 |  14 |  902.6 |
       Dungeon |  11993 |  11513 |    480 |   2788 |   6386 |  11 | 1090.3 |
        Temple |     59 |      2 |     57 |      0 |      0 |   1 |   59.0 |
          Lair |    112 |    112 |      0 |      4 |      0 |   1 |  112.0 |
       Volcano |    470 |    470 |      0 |    298 |      0 |   1 |  470.0 |
               +--------+--------+--------+--------+--------+-----+--------+

Top non-repeatable levels by time:
     D:5: 1785 daAuts
     D:7: 1389 daAuts
    D:10: 1381 daAuts
     D:6: 1293 daAuts
    D:11: 1292 daAuts
     D:9: 1137 daAuts
     D:3: 965 daAuts
     D:8: 763 daAuts
     D:4: 710 daAuts
     D:2: 676 daAuts
     D:1: 597 daAuts
 Volcano: 470 daAuts
  Lair:1: 112 daAuts
  Temple: 59 daAuts
